 Dungeon Crawl Stone Soup version 0.26.1-11-gd32895ea62 (webtiles) character file.

Game seed: 1568814094004987095

735 Almogavar the Stinger (level 7, -14/51 HPs)
             Began as a Gnoll Wanderer on Apr 30, 2021.
             Was an Initiate of Sif Muna.
             Demolished by a two-headed ogre
             ... wielding a +0 giant club
              (28 damage)
             ... on level 4 of the Dungeon.
             The game lasted 00:26:34 (5755 turns).

Almogavar the Stinger (Gnoll Wanderer)              Turns: 5755, Time: 00:26:35

Health: -14/51     AC:  0    Str: 15    XL:     7   Next: 74%
Magic:  15/15      EV: 13    Int: 17    God:    Sif Muna [......]
Gold:   193        SH:  0    Dex: 13    Spells: 16/17 levels left

rFire    . . .     SeeInvis .   a - +0 hand crossbow
rCold    . . .     Faith    .   (no shield)
rNeg     . . .     Spirit   .   h - +1 robe (curse)
rPois    .         Reflect  .   p - +0 helmet
rElec    .         Harm     .   (no cloak)
rCorr    .         Rampage  .   (no gloves)
Will     .....                  (no boots)
Stlth    ++........             n - amulet of inaccuracy (curse)
HPRegen  0.17/turn              g - -4 ring of protection (curse)
MPRegen  0.14/turn              (no ring)

@: no status effects
A: distributed training, fangs 1, strong nose
a: Renounce Religion


You were on level 4 of the Dungeon.
You worshipped Sif Muna.
Sif Muna was noncommittal.
You visited 2 branches of the dungeon, and saw 5 of its levels.

You collected 193 gold pieces.

Inventory:

Hand Weapons
 a - a +0 hand crossbow (weapon)
 o - a +0 dagger of draining
Missiles
 d - 33 bolts (quivered ammo)
Armour
 b - a +0 leather armour
 e - a +0 robe
 h - a cursed +1 robe (worn)
 p - a +0 helmet (worn)
Jewellery
 g - a cursed -4 ring of protection (left hand)
 n - a cursed amulet of inaccuracy (around neck)
Scrolls
 i - a scroll of amnesia
 k - a scroll of identify
 l - 3 scrolls of teleportation
Potions
 c - 2 potions of brilliance
 f - a potion of heal wounds
 j - a potion of might
 m - 2 potions of curing


   Skills:
 + Level 2.7 Fighting
 + Level 2.7 Short Blades
 + Level 2.7 Long Blades
 + Level 2.7 Axes
 + Level 2.7 Maces & Flails
 + Level 2.7 Polearms
 + Level 2.7 Staves
 + Level 2.7 Slings
 + Level 2.7 Bows
 + Level 5.3 Crossbows
 + Level 2.7 Throwing
 + Level 3.8 Armour
 + Level 2.7 Dodging
 + Level 3.6 Stealth
 + Level 3.8 Shields
 + Level 2.7 Unarmed Combat
 + Level 5.7 Spellcasting
 + Level 2.2 Conjurations
 + Level 2.2 Hexes
 + Level 2.2 Summonings
 + Level 2.2 Necromancy
 + Level 2.2 Translocations
 + Level 2.2 Transmutations
 + Level 2.2 Fire Magic
 + Level 2.2 Ice Magic
 + Level 2.2 Air Magic
 + Level 2.2 Earth Magic
 + Level 5.9 Poison Magic
 + Level 3.0 Invocations
 + Level 2.7 Evocations


You had 16 spell levels left.
You knew the following spells:

 Your Spells              Type           Power        Failure   Level
a - Sting                 Tmut/Pois      72%          2%          1

Your spell library contained the following spells:

 Spells                   Type           Power        Failure   Level
 Poisonous Vapours        Pois/Air       36%          3%          2
 Freeze                   Ice            48%          5%          1
 Ignite Poison            Fire/Tmut/Pois 16%          10%         3
 Mephitic Cloud           Conj/Pois/Air  16%          10%         3
 Olgreb's Toxic Radiance  Pois           25%          12%         4
 Ozocubu's Armour         Ice            12%          16%         3


Dungeon Overview and Level Annotations

Branches:
Dungeon (4/15)             Temple (1/1) D:4

Altars:
Ashenzari
Cheibriados
Dithmenos
Elyvilon
Gozag
Kikubaaqudgha
Makhleb
Qazlal
Sif Muna
Trog
Uskayaw
Vehumet
Wu Jian
Xom
Yredelemnul
Zin
The Shining One


Innate Abilities, Weirdness & Mutations

Your experience applies equally to all skills.
You have very sharp teeth.
Your uncanny sense of smell can sniff out nearby items.


Message History

The sting hits the two-headed ogre.
The two-headed ogre looks even sicker.
The two-headed ogre is moderately wounded.
The two-headed ogre hits you with a +0 giant club!!
Ouch! That really hurt!
* * * LOW HITPOINT WARNING * * *
The two-headed ogre hits you with a +0 giant club!
* * * LOW HITPOINT WARNING * * *
Casting: Sting (safe; 2% risk of failure)
Confirm with . or Enter, or press ? or * to list all spells.
Aiming: Sting (safe; 2% risk of failure)
Press: ? - help, Shift-Dir - straight line, f/p - two-headed ogre
Aim: a two-headed ogre, wielding two +0 giant clubs (moderately wounded, 22% to evade)
The sting hits the two-headed ogre.
The two-headed ogre is poisoned.
The two-headed ogre is heavily wounded.
The two-headed ogre looks more healthy.
You see here a +0 hand axe.
There is a stone staircase leading up here.
The two-headed ogre hits you with a +0 giant club!!
Ouch! That really hurt!
You die...

#.#...#.#.(.#
###..##.##..#
######### #.#
##.#...#..#
##...#...## #.#
#..###†)## #.
#..)...# #.######
#.#...#.#
#.###.#...#
.......# #.##.##.#
#.###..##.#
..####.###..#.#.)#
#..##...##.#
..###...##..###[.#
#..##....##.
..##.....#....)O@#
#..#..>.###.
...............#.#
#.#.....###.
.........#.###.#.#
###...##...#..
...##...##.# #.#.#
#....####....#
#......###.. ....#
#.#.####..####
#.###.## #####.###
#...#....## #.#
#.# #.# #..#....#
#+# #.# ..#
#.....#.# . .# #.#
#.##....#


You could see a two-headed ogre.

Vanquished Creatures
  Sigmund (D:2)
  2 ogres
  2 howler monkeys
  An orc wizard (D:4)
  An iguana (Temple)
  A worker ant (D:4)
  Robin (D:2)
  7 gnolls
  5 adders
  An ooze (D:3)
  3 worms
  3 dart slugs
  3 leopard geckos
  6 orcs
  6 giant cockroaches
  8 hobgoblins
  4 jackals (D:1)
  10 kobolds
  3 quokkas
  3 ball pythons
  8 bats
  6 frilled lizards
  15 goblins
  A leopard gecko skeleton (D:4)
  15 rats
116 creatures vanquished.

Notes
Turn   | Place    | Note
-------+----------+-------------------------------------------
     0 | D:1      | Almogavar the Gnoll Wanderer began the quest for the Orb.
     0 | D:1      | Almogavar set off with the following items: a +0 hand
                  | crossbow, 24 bolts, a +0 robe; and the following spells
                  | available to memorise: Sting, Poisonous Vapours, Freeze,
                  | Olgreb's Toxic Radiance, Ignite Poison, Mephitic Cloud,
                  | Ozocubu's Armour
     0 | D:1      | Reached XP level 1. HP: 13/13 MP: 6/6
     2 | D:1      | Learned a level 1 spell: Sting
   169 | D:1      | Reached XP level 2. HP: 19/19 MP: 7/7
   441 | D:1      | Reached XP level 3. HP: 25/25 MP: 7/9
   465 | D:1      | Reached skill level 5 in Spellcasting
  1007 | D:1      | Reached skill level 1 in Invocations
  1472 | D:2      | Noticed Robin
  1751 | D:2      | Noticed an ogre
  1756 | D:2      | Killed an ogre
  1757 | D:2      | Reached skill level 1 in Fighting
  1757 | D:2      | Reached skill level 1 in Short Blades
  1757 | D:2      | Reached skill level 1 in Long Blades
  1757 | D:2      | Reached skill level 1 in Axes
  1757 | D:2      | Reached skill level 1 in Maces & Flails
  1757 | D:2      | Reached skill level 1 in Polearms
  1757 | D:2      | Reached skill level 1 in Staves
  1757 | D:2      | Reached skill level 1 in Slings
  1757 | D:2      | Reached skill level 1 in Bows
  1757 | D:2      | Reached skill level 1 in Throwing
  1757 | D:2      | Reached skill level 1 in Dodging
  1757 | D:2      | Reached skill level 1 in Unarmed Combat
  1757 | D:2      | Reached skill level 1 in Conjurations
  1757 | D:2      | Reached skill level 1 in Hexes
  1757 | D:2      | Reached skill level 1 in Summonings
  1757 | D:2      | Reached skill level 1 in Necromancy
  1757 | D:2      | Reached skill level 1 in Translocations
  1757 | D:2      | Reached skill level 1 in Transmutations
  1757 | D:2      | Reached skill level 1 in Fire Magic
  1757 | D:2      | Reached skill level 1 in Ice Magic
  1757 | D:2      | Reached skill level 1 in Air Magic
  1757 | D:2      | Reached skill level 1 in Earth Magic
  1757 | D:2      | Reached skill level 1 in Evocations
  1757 | D:2      | Reached XP level 4. HP: 32/32 MP: 9/11
  1757 | D:2      | Reached XP level 5. HP: 37/37 MP: 9/12
  1990 | D:2      | Found a faded altar of an unknown god.
  2166 | D:2      | Noticed Sigmund
  2598 | D:2      | Killed Robin
  3000 | D:2      | HP: 1/37 [something/puff of flame (13)]
  3325 | D:2      | Killed Sigmund
  3326 | D:2      | Reached skill level 5 in Crossbows
  3326 | D:2      | Reached XP level 6. HP: 44/44 MP: 8/14
  4176 | D:3      | Reached XP level 7. HP: 50/50 MP: 15/15
  4722 | D:4      | Found a staircase to the Ecumenical Temple.
  4734 | Temple   | Entered the Ecumenical Temple
  4828 | Temple   | Became a worshipper of Sif Muna the Loreminder
  5700 | D:4      | Noticed a two-headed ogre
  5755 | D:4      | Demolished by a two-headed ogre

Illustrated notes

Levels and vault maps discovered:
D:1:      psy_arrival_dodecagon, layout_basic, roderic_lattice_a
D:2:      layout_loops_corners, chequers_ecumenical_altar_twisty,
          kennysheep_decorative_pillar, uniq_sigmund, uniq_robin
D:3:      layout_loops_cross
D:4:      layout_loops_corners, general_overflow_altar,
          gammafunk_temple_overflow_claw, minmay_temple_entry_wispy,
          minivault_24, minmay_ruptured, uniq_pikel, uniq_natasha
Temple:   minmay_temple_bridge_d

Skill      XL: |  1  2  3  4  5  6  7 |
---------------+----------------------+-----
Spellcasting   | 5 |  5.7
Invocations    | 1 2 3 |  3.0
Fighting       | 1 2 |  2.7
Short Blades   | 1 2 |  2.7
Long Blades    | 1 2 |  2.7
Axes           | 1 2 |  2.7
Maces & Flails | 1 2 |  2.7
Polearms       | 1 2 |  2.7
Staves         | 1 2 |  2.7
Slings         | 1 2 |  2.7
Bows           | 1 2 |  2.7
Throwing       | 1 2 |  2.7
Dodging        | 1 2 |  2.7
Unarmed Combat | 1 2 |  2.7
Conjurations   | 1 2 |  2.2
Hexes          | 1 2 |  2.2
Summonings     | 1 2 |  2.2
Necromancy     | 1 2 |  2.2
Translocations | 1 2 |  2.2
Transmutations | 1 2 |  2.2
Fire Magic     | 1 2 |  2.2
Ice Magic      | 1 2 |  2.2
Air Magic      | 1 2 |  2.2
Earth Magic    | 1 2 |  2.2
Evocations     | 1 2 |  2.7
Armour         | 3 |  3.8
Shields        | 3 |  3.8
Crossbows      | 5 |  5.3
Stealth        | 3 |  3.6
Poison Magic   | |  5.9

Action                   |  1- 3 |  4- 6 |  7- 9 || total
-------------------------+-------+-------+-------++-------
Melee: Hand crossbow     |       |     3 |       ||     3
 Fire: Hand crossbow     |    57 |    66 |    47 ||   170
 Cast: Sting             |    25 |    57 |    48 ||   130
  Use: Scroll            |     7 |     3 |     2 ||    12
       Potion            |       |     1 |       ||     1
Dodge: Dodged            |     8 |    23 |    24 ||    55
